 Dungeon Crawl Stone Soup version 0.27.1 (webtiles) character file.

Game seed: 1600841281847454898

111167 velxir3 the Spear-Bearer (level 16, -8/137 HPs)
             Began as a Hill Orc Fire Elementalist on Aug 28, 2021.
             Was a High Priest of Beogh.
             Mangled by a moth of wrath (14 damage)
             ... on level 2 of the Spider Nest.
             The game lasted 02:24:32 (33567 turns).

velxir3 the Spear-Bearer (HOFE)                    Turns: 33567, Time: 02:24:33

Health: -8/137     AC: 16    Str: 12 (15) XL:     16   Next: 57%
Magic:  0/29       EV:  6    Int: 18 (20) God:    Beogh [*****.]
Gold:   2534       SH:  0    Dex: 10 (13) Spells: 11/33 levels left

rFire    . . .     SeeInvis .   D - +6 spear (venom)
rCold    . . .     Faith    .   H - +0 buckler
rNeg     + + +     Spirit   .   h - +8 ring mail of Vexation {+Inv rC- rN+++ Will-}
rPois    +         Reflect  .   k - +0 helmet
rElec    +         Harm     .   U - +0 cloak
rCorr    .         Rampage  +   I - +3 pair of gloves of Baafehek {rN+}
Will     +....                  w - +0 pair of boots
Stlth    ++........             B - amulet of Ytiupyse {Rampage Will+ Regen+ Dex+2}
HPRegen  1.32/turn              o - ring of wizardry
MPRegen  0.21/turn              t - ring of Dox Jaox {rElec rPois rC+ Int+2 Stlth+}

@: corroded, held
A: walk on water
a: Renounce Religion, Evoke Invisibility, Smiting, Recall Orcish Followers, Give
Item to Named Follower


You were on level 2 of the Spider Nest.
You worshipped Beogh.
Beogh was extremely pleased with you.
You visited 5 branches of the dungeon, and saw 23 of its levels.
You also visited: Ice Cave.

You collected 3827 gold pieces.
You spent 1293 gold pieces at shops.

Inventory:

Hand Weapons
 a - a +4 morningstar of freezing
 D - a +6 spear of venom (weapon)
 N - a +1 bardiche
Missiles
 s - 2 throwing nets
Armour
 h - the +8 ring mail of Vexation (worn) {+Inv rC- rN+++ Will-}
   (You found it on level 6 of the Lair of Beasts)

   rC:        It makes you vulnerable to cold.
   rN:        It renders you almost immune to negative energy.
   +Inv:      It lets you turn invisible.
   Will:      It decreases your willpower.
 k - a +0 helmet (worn)
 w - a +0 pair of boots (worn)
 F - a +1 kite shield
 H - a +0 buckler (worn)
 I - the +3 pair of gloves of Baafehek (worn) {rN+}
   (You bought it in a shop on level 9 of the Dungeon)

   rN:        It protects you from negative energy.
 U - a +0 cloak (worn)
Jewellery
 d - an amulet of guardian spirit
 g - a ring of protection from fire
 j - an amulet of regeneration
 m - a ring of fire
 o - a ring of wizardry (left hand)
 p - a ring of flight
 t - the ring of Dox Jaox (right hand) {rElec rPois rC+ Int+2 Stlth+}
   (You bought it in a shop on level 8 of the Dungeon)

   [ring of poison resistance]

   Int:       It affects your intelligence (+2).
   rC:        It protects you from cold.
   rElec:     It insulates you from electricity.
   rPois:     It protects you from poison.
   Stlth:     It makes you more stealthy.
 y - a ring of protection from cold
 A - a ring of willpower
 B - the amulet of Ytiupyse (around neck) {Rampage Will+ Regen+ Dex+2}
   (You took it off Erolcha on level 1 of the Orcish Mines)

   [amulet of regeneration]

   Dex:       It affects your dexterity (+2).
   Regen:     It increases your rate of health regeneration.
   Rampage:   It bestows one free step when moving towards enemies.
   Will:      It increases your willpower.
 J - an amulet of reflection
 K - a +4 ring of evasion
 O - a ring of ice
 R - a ring of fire
Wands
 b - a wand of polymorph (30)
 f - a wand of iceblast (26)
 r - a wand of acid (12)
 u - a wand of flame (26)
 v - a wand of paralysis (16)
 E - a wand of digging (2)
 Y - a wand of mindburst (16)
Scrolls
 e - 2 scrolls of amnesia
 i - 9 scrolls of teleportation
 L - 2 scrolls of identify
 M - 4 scrolls of fog
 P - a scroll of holy word
 Q - a scroll of fear
 S - 3 scrolls of enchant weapon
 V - a scroll of silence
 W - a scroll of enchant armour
Potions
 c - 2 potions of mutation
 n - 3 potions of curing
 q - a potion of cancellation
 x - a potion of invisibility
 C - a potion of flight
 G - a potion of resistance
 T - 2 potions of lignification
 Z - a potion of ambrosia
Miscellaneous
 X - a phantom mirror


   Skills:
 * Level 11.1 Fighting
 * Level 13.9 Polearms
 * Level 10.7 Armour
 + Level 5.1 Dodging
 - Level 1.5 Stealth
 - Level 4.0 Shields
 * Level 9.2 Spellcasting
 * Level 11.5 Conjurations
 * Level 13.1 Fire Magic
 * Level 11.1 Invocations


You had 11 spell levels left.
You knew the following spells:

 Your Spells              Type           Power      Damage    Failure   Level
a - Foxfire               Conj/Fire      100%       2x1d9     1%          1
b - Conjure Flame         Conj/Fire      51%        6-21      1%          3
c - Fireball              Conj/Fire      25%        3d11      1%          5
d - Sticky Flame          Conj/Fire      51%        2d7       1%          4
e - Starburst             Conj/Fire      25%        6d8       6%          6
f - Summon Guardian Gole  Hex/Summ       8%         N/A       19%         3

Your spell library contained the following spells:

 Spells                   Type           Power      Damage    Failure   Level
 Magic Dart               Conj           100%       1d8       1%          1
 Searing Ray              Conj           100%       3d7       1%          2
 Dazzling Flash           Conj/Hex       58%        N/A       1%          3
 Inner Flame              Hex/Fire       31%        N/A       1%          3
 Animate Skeleton         Necr           16%        N/A       6%          1
 Apportation              Tloc           16%        N/A       6%          1
 Corona                   Hex            8%         N/A       6%          1
 Sandblast                Erth           16%        2d6       6%          1
 Sting                    Tmut/Pois      32%        1d4       6%          1
 Summon Small Mammal      Summ           32%        N/A       6%          1
 Fulminant Prism          Conj/Hex       14%        3d9       6%          4
 Iskenderun's Mystic Bla  Conj/Tloc      29%        2d7       6%          4
 Blink                    Tloc           N/A        N/A       10%         2
 Corpse Rot               Necr/Air       N/A        N/A       10%         2
 Passwall                 Tmut/Erth      6%         N/A       10%         2
 Poisonous Vapours        Pois/Air       16%        N/A       10%         2
 Call Canine Familiar     Summ           8%         N/A       19%         3
 Lesser Beckoning         Tloc           4%         N/A       19%         3
 Portal Projectile        Hex/Tloc       16%        N/A       19%         3
 Freezing Cloud           Conj/Ice/Air   11%        6-21      34%         5
 Animate Armour           Summ/Erth      16%        N/A       52%         4
 Olgreb's Toxic Radiance  Pois           8%         N/A       52%         4
 Iron Shot                Conj/Erth      14%        9d4       63%         6
 Alistair's Intoxication  Tmut/Pois      5%         N/A       85%         5
 Blade Hands              Tmut           4%         N/A       85%         5
 Borgnjor's Vile Clutch   Necr/Erth      4%         N/A       85%         5
 Excruciating Wounds      Necr           4%         N/A       85%         5
 Lee's Rapid Deconstruct  Erth           4%         3d6*      85%         5
 Manifold Assault         Tloc           8%         N/A       85%         5
 Eringya's Noxious Bog    Tmut/Pois      4%         N/A       100%        6
 Simulacrum               Ice/Necr       4%         N/A       100%        6
 Infestation              Necr           4%         N/A       100%        8


Dungeon Overview and Level Annotations

Branches:
Dungeon (10/15)            Temple (0/1) D:7            Lair (6/6) D:10
  Swamp (0/4) Lair:3       Spider (2/4) Lair:2        Slime (0/5) Lair:5
    Orc (2/2) D:9             Elf (3/3) Orc:2         IceCv (visited)

Altars:
Nemelex Xobeh
Jiyva

Shops:
D:1 (   D:6 (   D:8 =   D:9 :[=[*   Orc:2 (*=?   Elf:2 (   Elf:3 [

Portals:
Pandemonium: Orc:2

Annotations:
D:5 2 transporters, 1 exclusion, robertstho's ghost, novice TrBe


Message History

Aiming: Iceblast
Press: ? - help, Shift-Dir - straight line The mass of ice explodes!
The iceblast engulfs the moth of wrath!
The moth of wrath is severely wounded.
The iceblast engulfs something.
You hear an angry hiss. x3
The jumping spider misses you.
The jumping spider closely misses you. x2
The jumping spider bites you but does no damage.
You feel you are being watched by something.
Something hits you! Something hits you but does no damage.
Something stings you but does no damage.
The jumping spider pounces on you!
* * * LOW HITPOINT WARNING * * *
You are caught in a web!
The jumping spider bites you but does no damage.
Your orc knight hits something with a +0 battleaxe!
You feel you are being watched by something.
Something hits you.
* * * LOW HITPOINT WARNING * * *
Something hits you.
* * * LOW HITPOINT WARNING * * *
You feel dopey.
Something stings you but does no damage.
You feel better.
The jumping spider pounces on you but does no damage.
The jumping spider bites you but does no damage.
The moth of wrath bites you.
* * * LOW HITPOINT WARNING * * *
The jumping spider pounces on you!
* * * LOW HITPOINT WARNING * * *
You are even more entangled.
The jumping spider bites you but does no damage.
You feel you are being watched by something.
You feel your power leaking away. Something hits you but does no damage.
Something hits you.
* * * LOW HITPOINT WARNING * * *
You feel clumsy.
Something stings you but does no damage.
The moth of wrath bites you!
You die...

......##....#....
.........#.#... s#.
...#.......#..#
.....#..!......#..^
#s...○...)..#....##
#^s^..##†)†....=..#^
..#.. #s)o....#.#≈≈
......#..{o#.....≈≈
^.. #...y@s....## #.
....##...<$....# .
#..)...#..#.#.##
..[...#.#[.....^
.......<.......#
.[......^#....≈#
.#.#.^#.#^.≈≈≈#
...#....##≈≈≈# .^...
####


You could see a moth of wrath, an orb spider, a jumping spider (berserk), the
friendly Okrist the orc warlord and a friendly orc knight.

Vanquished Creatures
  A deep elf blademaster (Elf:3)
  2 deep elf demonologists
  A deep elf high priest (Elf:3)
  Erolcha (Orc:1)
  2 dancing weapons (Elf:2)
  3 orc high priests (Orc:2)
  2 two-headed ogres (Orc:1)
  A death yak (Lair:6)
  4 deep elf knights
  A soul eater (Orc:2)
  2 deep elf archers
  4 deep elf zephyrmancers
  8 deep elf pyromancers
  An orc knight (Orc:2)
  2 orb spiders (Spider:1)
  An orc sorcerer (Orc:2)
  A wolf spider (Spider:1)
  An ugly thing (D:10)
  5 elephants
  2 black mambas
  4 torpor snails
  4 cane toads
  7 komodo dragons
  A freezing wraith (IceCv)
  3 rime drakes (Lair:6)
  An entropy weaver simulacrum (IceCv)
  2 hornets (Lair:6)
  2 trolls
  2 ice devils (IceCv)
  2 jumping spiders
  A polar bear (Lair:6)
  4 blink frogs
  Grinder (D:5)
  7 dream sheep (Lair:6)
  2 redbacks
  17 yaks
  A tarantella (Spider:1)
  Grum (D:8)
  2 basilisks
  2 steam dragons (Lair:6)
  2 death yak simulacra (IceCv)
  A chaos spawn (Orc:2)
  2 wargs
  An acid dragon (Lair:6)
  2 swamp worms (Lair:5)
  8 water moccasins
  2 sky beasts
  5 orc warriors
  A black bear (D:4)
  An ice beast (D:8)
  A swamp drake (Lair:6)
  8 wolves
  8 ogres
  3 centaurs
  4 kobold brigands
  4 bullfrogs
  Blork the orc (D:5)
  3 gnoll sergeants
  2 scorpions
  A two-headed ogre simulacrum (IceCv)
  2 cane toad simulacra (IceCv)
  3 elephant simulacra (IceCv)
  10 wights
  3 howler monkeys
  2 electric eels
  A bullfrog zombie (D:7)
  9 hounds
  3 centaur zombies
  6 orc priests
  A centaur skeleton (D:6)
  4 gnoll shamans
  2 bullfrog skeletons (D:6)
  7 iguanas
  2 troll simulacra (IceCv)
  Ijyb (D:5)
  7 orc wizards
  A wolf simulacrum (IceCv)
  A polar bear simulacrum (IceCv)
  A hound skeleton (D:4)
  17 gnolls
  A howler monkey skeleton (D:5)
  6 adders
  A white imp (IceCv)
  2 ufetubi
  2 adder skeletons (D:4)
  2 worms
  4 dart slugs
  31 orcs
  12 ball pythons
  9 bats
  7 endoplasms
  5 giant cockroaches
  8 goblins
  11 hobgoblins
  3 jackals (D:4)
  23 kobolds
  6 quokkas
  5 frilled lizards
  6 rats
398 creatures vanquished.

Vanquished Creatures (collateral kills)
  Asterion (Elf:2)
  A deep elf blademaster (Elf:3)
  The ghost of bronco the Ogre Mage, an adept OgWz of Sif Muna (Elf:1)
  2 deep elf demonologists (Elf:2)
  2 deep elf annihilators (Elf:3)
  An entropy weaver (Spider:2)
  A deep elf death mage (Elf:2)
  A deep elf high priest (Elf:2)
  8 hydras
  2 fire dragons (Lair:6)
  A catoblepas (Lair:6)
  4 two-headed ogres (Orc:1)
  29 dancing weapons
  4 orc high priests (Orc:2)
  10 deep elf knights
  An infernal demonspawn (Orc:2)
  A swamp dragon (Lair:6)
  2 lindwurms
  A deep elf archer (Elf:1)
  17 deep elf pyromancers
  14 deep elf zephyrmancers
  7 wolf spiders
  2 orc sorcerers (Orc:2)
  An orc knight (Orc:2)
  A cyclops (Orc:1)
  20 elephants
  A rust devil (Orc:2)
  11 black mambas
  3 torpor snails (Lair:6)
  14 cane toads
  15 komodo dragons
  An orange demon (Orc:2)
  2 rime drakes
  A demonic crawler (Spider:1)
  A red devil (Orc:2)
  2 trolls (D:10)
  An ice devil (Orc:2)
  2 polar bears
  4 hornets (Lair:6)
  4 tyrant leeches (Lair:6)
  6 jumping spiders
  15 blink frogs
  Prince Ribbit (D:9)
  An air elemental (Elf:1)
  A shadow (D:9)
  9 redbacks
  2 tarantellas (Spider:1)
  4 wyverns
  A water elemental (Elf:2)
  A fire elemental (Elf:2)
  A wraith (D:9)
  31 yaks
  A chaos spawn (Orc:2)
  2 basilisks
  5 wargs
  2 swamp worms (Lair:5)
  14 water moccasins
  A black bear (Lair:3)
  14 orc warriors
  12 ogres
  2 centaurs (D:9)
  8 wolves (Lair:3)
  7 bullfrogs
  An earth elemental (Elf:2)
  2 electric eels (D:10)
  A howler monkey (D:9)
  3 hounds (D:10)
  11 orc priests
  3 iguanas (Lair:6)
  5 orc wizards
  18 orcs
  2 goblins (D:9)
  19 foxfires
403 creatures vanquished.

Vanquished Creatures (others)
  2 orc warlords
  2 orc high priests (Orc:2)
  A deep elf knight (Elf:1)
  2 deep elf zephyrmancers
  An orc sorcerer (Orc:2)
  10 orc knights
  12 orc warriors
  A wolf (D:10)
  15 orc priests
  6 orc wizards
  An ufetubus (IceCv)
  31 orcs
  A kobold (D:6)
  1349 foxfires
  27 fungi
  80 plants
1541 creatures vanquished.

Grand Total: 2342 creatures vanquished

Notes
Turn   | Place    | Note
-------+----------+-------------------------------------------
     0 | D:1      | velxir3 the Hill Orc Fire Elementalist began the quest for
                  | the Orb.
     0 | D:1      | Reached XP level 1. HP: 14/14 MP: 3/3
   337 | D:1      | Reached XP level 2. HP: 20/20 MP: 2/4
   448 | D:1      | Reached skill level 1 in Armour
   725 | D:1      | Reached XP level 3. HP: 27/27 MP: 1/5
   877 | D:1      | Found Pozanwumia's Weapon Emporium.
  1946 | D:2      | Reached skill level 1 in Polearms
  2157 | D:3      | Reached XP level 4. HP: 19/34 MP: 3/6
  2714 | D:3      | Noticed a kobold brigand
  2738 | D:3      | Killed a kobold brigand
  2739 | D:3      | Reached skill level 1 in Fighting
  2739 | D:3      | Reached XP level 5. HP: 40/40 MP: 0/8
  3449 | D:4      | Reached XP level 6. HP: 47/47 MP: 0/9
  3808 | D:4      | Noticed a black bear
  3814 | D:4      | Killed a black bear
  4403 | D:5      | Entered Level 5 of the Dungeon
  4462 | D:5      | Noticed Grinder
  4581 | D:5      | Killed Grinder
  4582 | D:5      | Reached skill level 5 in Fire Magic
  4582 | D:5      | Reached XP level 7. HP: 56/56 MP: 1/10
  4856 | D:5      | Found a transporter.
  4856 | D:5      | Noticed robertstho's ghost (novice TrBe)
  5004 | D:5      | Noticed Blork the orc
  5012 | D:5      | Killed Blork the orc
  5112 | D:5      | Found a transporter.
  5150 | D:5      | Noticed Ijyb
  5169 | D:5      | Killed Ijyb
  5286 | D:5      | Learned a level 3 spell: Conjure Flame
  5375 | D:5      | Reached XP level 8. HP: 54/63 MP: 5/12
  5925 | D:6      | Became a worshipper of Beogh the Brigand
  5928 | D:6      | Found Ybocsi's Antique Weapon Shop.
  6721 | D:6      | Reached * piety under Beogh
  6952 | D:6      | Reached XP level 9. HP: 71/72 MP: 0/13
  7283 | D:6      | You are sucked into a shaft and drop 2 floors!
  7283 | D:8      | Found Lutiy's Jewellery Emporium.
  7321 | D:7      | Reached skill level 5 in Conjurations
  7849 | D:7      | Reached skill level 5 in Polearms
  7902 | D:7      | Reached skill level 5 in Fighting
  8206 | D:7      | Found a sparkling altar of Nemelex Xobeh.
  8364 | D:7      | Identified the +3 ring mail of the Monkey's Uncle {rElec
                  | rN++}
  8402 | D:7      | Found a staircase to the Ecumenical Temple.
  8743 | D:6      | Reached ** piety under Beogh
  8899 | D:6      | Reached skill level 1 in Invocations
  9090 | D:6      | Got the Handbook of the Evil Glacier
  9531 | D:6      | Identified a scroll of acquirement
  9531 | D:6      | Acquired 876 gold pieces
  9991 | D:8      | Bought the ring of Dox Jaox {rElec rPois rC+ Int+2 Stlth+}
                  | for 720 gold pieces
 10064 | D:8      | Reached skill level 5 in Armour
 10074 | D:8      | Reached XP level 10. HP: 37/81 MP: 9/15
 10175 | D:8      | Noticed Grum
 10186 | D:8      | Killed Grum
 10965 | D:9      | Reached *** piety under Beogh
 11034 | D:9      | Found a staircase to the Orcish Mines.
 11243 | D:9      | Found Bassong's General Store.
 11296 | D:9      | Found Yptounn's Antique Armour Shoppe.
 11308 | D:9      | Bought a pair of faintly humming gloves for 256 gold pieces
 11308 | D:9      | Identified the +3 pair of gloves of Baafehek {rN+} (You
                  | bought it in a shop on level 9 of the Dungeon)
 11322 | D:9      | Found Ahust's Armour Boutique.
 11472 | D:9      | Noticed Prince Ribbit
 11474 | D:9      | Killed Prince Ribbit
 11508 | D:9      | Found Xausamm's Book Shoppe.
 11791 | D:9      | Found Maexiah's Jewellery Shoppe.
 11990 | D:10     | Entered Level 10 of the Dungeon
 12039 | D:10     | Identified the +1 long sword of Anger {flame, rPois Int+2}
 12071 | D:10     | Noticed a purple ugly thing
 12076 | D:10     | Killed a purple ugly thing
 12076 | D:10     | Reached **** piety under Beogh
 12199 | D:10     | Gained Orkwin as an ally
 12207 | D:10     | Reached XP level 11. HP: 49/89 MP: 4/18
 12219 | D:10     | Found a staircase to the Lair.
 12403 | Lair:1   | Entered Level 1 of the Lair of Beasts
 12437 | Lair:1   | Noticed an eight-headed hydra
 12443 | Lair:1   | Killed an eight-headed hydra
 12450 | Lair:1   | Reached skill level 5 in Spellcasting
 12937 | Lair:1   | Noticed an eight-headed hydra
 12943 | Lair:1   | Killed a seven-headed hydra
 13021 | Lair:1   | Reached skill level 1 in Shields
 13364 | Lair:1   | Learned a level 5 spell: Fireball
 13369 | Lair:1   | Learned a level 4 spell: Sticky Flame
 13388 | Lair:1   | Noticed a six-headed hydra
 13394 | Lair:1   | Killed a six-headed hydra
 13395 | Lair:1   | Reached skill level 5 in Invocations
 13683 | Lair:2   | Noticed a four-headed hydra
 13973 | Lair:2   | Killed a four-headed hydra
 14008 | Lair:2   | Reached XP level 12. HP: 54/100 MP: 3/20
 14605 | Lair:2   | Reached skill level 10 in Fire Magic
 14923 | Lair:2   | Found a hole to the Spider Nest.
 15276 | Lair:3   | Found a staircase to the Swamp.
 15809 | Lair:3   | Noticed a five-headed hydra
 15816 | Lair:3   | Killed a five-headed hydra
 15829 | Lair:3   | Noticed a six-headed hydra
 15838 | Lair:3   | Killed a nine-headed hydra
 16339 | Lair:4   | Reached ***** piety under Beogh
 16351 | Lair:4   | Reached XP level 13. HP: 94/107 MP: 21/23
 16861 | Lair:4   | Reached skill level 10 in Polearms
 18445 | Lair:5   | Found a viscous altar of Jiyva.
 18445 | Lair:5   | Found a staircase to the Slime Pits.
 18899 | Lair:6   | Entered Level 6 of the Lair of Beasts
 19877 | Lair:6   | Identified the +8 ring mail of Vexation {+Inv rC- rN+++
                  | Will-}
 19933 | Lair:6   | Reached XP level 14. HP: 88/116 MP: 15/25
 20345 | Lair:6   | Found a runed translucent door.
 20588 | Lair:6   | Reached ****** piety under Beogh
 23307 | D:9      | Bought a helmet for 121 gold pieces
 23499 | Orc:1    | Entered Level 1 of the Orcish Mines
 23830 | Orc:1    | Found a frozen archway.
 23840 | IceCv    | Entered an ice cave
 24231 | IceCv    | Reached skill level 10 in Conjurations
 24850 | Orc:1    | Identified the amulet of Ytiupyse {Rampage Will+ Regen+
                  | Dex+2}
 24850 | Orc:1    | Noticed Erolcha
 24878 | Orc:1    | Killed Erolcha
 25376 | Orc:2    | Entered Level 2 of the Orcish Mines
 25391 | Orc:2    | Found a staircase to the Elven Halls.
 25397 | Orc:2    | Gained Okrist as an ally
 25663 | Orc:2    | Learned a level 6 spell: Starburst
 25761 | Orc:2    | Found Konkek Koukh's Magic Scroll Shop.
 25762 | Orc:2    | Found Rayme's General Store.
 25772 | Orc:2    | Gained Arbolt as an ally
 25814 | Orc:2    | Bought a wand of digging (3) for 196 gold pieces
 25840 | Orc:2    | Your ally Arbolt died
 25844 | Orc:2    | Gained Thorok as an ally
 25849 | Orc:2    | Your ally Thorok died
 25861 | Orc:2    | Gained Olfik as an ally
 25879 | Orc:2    | Reached XP level 15. HP: 91/125 MP: 27/27
 25883 | Orc:2    | Gained Wargrak as an ally
 26117 | Orc:2    | Found Ofowuhul's Jewellery Emporium.
 26117 | Orc:2    | Found Xobyn's Antique Weapon Shoppe.
 26118 | Orc:2    | Found a one-way gate leading to the halls of Pandemonium.
 26609 | Elf:1    | Entered Level 1 of the Elven Halls
 26849 | Elf:1    | HP: 1/126 [something/shard of ice (40)]
 26853 | Elf:1    | Your ally Wargrak died
 26871 | Elf:1    | Your ally Orkwin died
 27622 | Elf:1    | Gained Marbaugh as an ally
 27624 | Elf:1    | Reached skill level 10 in Fighting
 27887 | Elf:1    | Reached skill level 10 in Invocations
 27912 | Elf:1    | Found a large runed translucent door.
 27912 | Elf:1    | Found a large runed translucent door.
 28046 | Elf:1    | Noticed bronco's ghost (adept OgWz)
 28057 | Elf:1    | Killed bronco's ghost
 28803 | Elf:2    | Found Mioduor's Weapon Boutique.
 28807 | Elf:2    | Your ally Marbaugh died
 28812 | Elf:2    | Reached skill level 10 in Armour
 28815 | Elf:2    | Your ally Olfik died
 28818 | Elf:2    | Noticed a cacodemon
 28822 | Elf:2    | Noticed an Executioner
 29218 | Elf:2    | Found a runed translucent gate.
 29218 | Elf:2    | Found a runed translucent gate.
 29218 | Elf:2    | Found a runed translucent gate.
 29640 | Elf:2    | Reached XP level 16. HP: 70/135 MP: 13/28
 29660 | Elf:2    | Gained Boghold as an ally
 30018 | Elf:2    | Noticed Asterion
 30025 | Elf:2    | Killed Asterion
 30029 | Elf:2    | Gained Oreg as an ally
 30667 | Elf:3    | Entered Level 3 of the Elven Halls
 30716 | Elf:3    | Found Finis's Armour Shoppe.
 30789 | Elf:3    | Noticed a deep elf blademaster
 30791 | Elf:3    | Reached skill level 5 in Dodging
 30791 | Elf:3    | Noticed a deep elf master archer
 30792 | Elf:3    | Noticed a deep elf master archer
 30801 | Elf:3    | Killed a deep elf blademaster
 30802 | Elf:3    | Noticed a deep elf blademaster
 30821 | Elf:3    | Killed a deep elf blademaster
 30826 | Elf:3    | Your ally Boghold died
 30829 | Elf:3    | Your ally Oreg died
 30839 | Elf:3    | Killed a ghostly deep elf blademaster
 30842 | Elf:3    | Your ally Orkwin died
 31961 | Spider:1 | Entered Level 1 of the Spider Nest
 32503 | Spider:1 | Learned a level 3 spell: Summon Guardian Golem
 33567 | Spider:2 | HP: 6/137 [something (6)]
 33567 | Spider:2 | Mangled by a moth of wrath

Illustrated notes

Levels and vault maps discovered:
D:1:      scummos_arrival_simple_fountains, layout_loops_ring, serial_shops,
          shop, grunt_decor_junction, minmay_misc_feat_roman,
          minmay_misc_feat_ornament, minmay_cupped
D:2:      layout_loops_cross, minmay_misc_feat_diagonals
D:3:      layout_basic, grunt_ministairs_12, kennysheep_potato
D:4:      layout_cave_pools
D:5:      layout_gridville, gammafunk_ghost_arena, uniq_ijyb, uniq_grinder,
          uniq_blork_the_orc
D:6:      kennysheep_housing_project, layout_loops_ring, serial_shops,
          nicolae_shop_trees, kennysheep_cross_bottleneck
D:7:      layout_rooms, nemelex_altar_shiori, temple_doors_e
D:8:      layout_rooms, serial_shops, nicolae_stop_n_shop_2, uniq_grum
D:9:      layout_roguey, erik_orc_3, serial_shops, shop, kennysheep_mini,
          nicolae_shop_stone, nicolae_shop_crystal, nicolae_shop_waterfront,
          uniq_prince_ribbit1
D:10:     layout_rooms, erik_lair_island
Lair:1:   layout_long_grid
Lair:2:   layout_hall_layers, spider_nest_entry_funnel_web
Lair:3:   layout_cave_shapes, minmay_swamp_entry_reptiles
Lair:4:   layout_long_grid, grunt_megastairs_3
Lair:5:   layout_cave_pods, dpeg_slime_entry_enclosed_altar, worms_lemuel
Lair:6:   guppyfry_lair_end_dragon, layout_cave_pods, wormcave,
          grunt_megastairs_2, infiniplex_staircase_pool, lemuel_fruit_tree
Spider:1: layout_chambers
Spider:2: layout_spider_delve, spiders_nest_hornet_nest
Orc:1:    lemuel_ogre_cave, layout_caves, portal_ice_cave_entry_pillars_1
Orc:2:    pf_orc_diabolical, layout_caves, nicolae_volcano_entry_s_turn
Elf:1:    eino_elf_arrival_the_gate, layout_gridlike,
          ebering_ghost_disaster_area, hangedman_elven_crosses_minicolossus,
          lemuel_upstairs_altar
Elf:2:    elven_hall_of_blades_hangedman_original [nicolae_blade_little_rooms],
          layout_loops_ring, serial_shops, nicolae_stop_n_shop_2, uniq_asterion
Elf:3:    minmay_elf_hall_circle, layout_gridlike, serial_sigils,
          serial_sigils_hangedman_leer, serial_sigils_hangedman_snap,
          serial_sigils_hangedman_carve, serial_sigils_hangedman_scratch,
          serial_sigils_hangedman_quiver, serial_shops, shop

Skill      XL: |  1  2  3  4  5  6  7  8  9 10 11 12 13 14 15 16 |
---------------+-------------------------------------------------+-----
Armour         | 1 2 3 4 5 6 7 8 9 10 | 10.7
Fire Magic     | 4 5 6 7 8 9 10 11 12 13 | 13.1
Polearms       | 1 2 3 4 5 7 8 9 11 12 13 | 13.9
Fighting       | 1 2 3 4 5 6 7 8 9 10 11 | 11.1
Spellcasting   | 2 3 4 5 6 7 8 9 |  9.2
Conjurations   | 2 3 4 5 6 7 8 9 10 11 | 11.5
Dodging        | 2 3 4 5 |  5.1
Invocations    | 1 4 5 7 8 9 10 11 | 11.1
Shields        | 1 2 3 4 |  4.0
Stealth        | |  1.5

Action                   |  1- 3 |  4- 6 |  7- 9 | 10-12 | 13-15 | 16-18 || total
-------------------------+-------+-------+-------+-------+-------+-------++-------
Melee: Spear             |    98 |    74 |   120 |       |    14 |   125 ||   431
       Halberd           |       |       |   123 |   196 |   533 |       ||   852
 Cast: Foxfire           |    55 |   138 |   245 |   309 |   109 |     1 ||   857
       Conjure Flame     |       |       |     9 |     6 |     2 |       ||    17
       Sticky Flame      |       |       |       |     2 |    17 |     5 ||    24
       Fireball          |       |       |       |    10 |    85 |    17 ||   112
       Summon Guardian G |       |       |       |       |       |     1 ||     1
Invok: Convert to Beogh  |       |       |     1 |       |       |       ||     1
       Smiting           |       |       |       |     3 |    13 |     4 ||    20
       Recall Orcish Fol |       |       |       |       |     3 |     2 ||     5
       Resurrection      |       |       |       |       |     1 |       ||     1
Evoke: Wand              |       |       |     2 |     2 |    13 |    13 ||    30
  Use: Potion            |       |     1 |     1 |       |     6 |     7 ||    15
       Scroll            |       |     8 |     9 |     9 |     2 |       ||    28
 Stab: Sleeping          |     3 |       |     1 |       |     4 |     2 ||    10
       Paralysed         |       |       |       |     4 |       |       ||     4
       Petrified         |       |       |       |       |     2 |       ||     2
       Distracted        |       |       |       |       |     4 |       ||     4
Armor: Robe              |    17 |       |       |       |       |       ||    17
       Leather armour    |     6 |    26 |    64 |       |       |       ||    96
       Skin              |       |    11 |       |       |       |       ||    11
       Ring mail         |       |       |    44 |   124 |   220 |    75 ||   463
Dodge: Dodged            |    79 |    51 |   207 |   138 |   225 |    41 ||   741
Block: Other             |       |       |       |    54 |    90 |       ||   144
       Reflection        |       |       |       |       |     2 |       ||     2
       Buckler           |       |       |       |       |     1 |    20 ||    21
